 Dungeon Crawl Stone Soup version 0.32-a0-329-ge6c31236d6 (webtiles) character file.

Game seed: 8801126131228778100

102 KennySheep the Trooper (level 4, -1/48 HPs)
             Began as an Oni Gladiator on Feb 16, 2024.
             Hit by Ijyb thrown by Robin (2 damage)
             ... on level 3 of the Dungeon on Feb 28, 2024.
             The game lasted 00:08:46 (1341 turns).

KennySheep the Trooper (Oni Gladiator)              Turns: 1341, Time: 00:08:46

Health: -1/48      AC:  3    Str: 20    XL:     4   Next: 78%
Magic:  4/4        EV: 10    Int:  9    God:
Gold:   106        SH:  0    Dex: 10    Spells: 3/3 levels left

rFire   . . .        a - +0 flail
rCold   . . .        (no shield)
rNeg    . . .        b - +0 robe
rPois   .            c - +0 hat
rElec   .            (no cloak)
rCorr   .            (gloves unavailable)
SInv    .            (boots unavailable)
Will    .....        (no amulet)
Stlth   +            (no ring)
HPRegen 0.28/turn    (no ring)
MPRegen 0.09/turn

%: no passive effects
@: no status effects
A: large, unfitting armour, horns 1, tough skin 1, double potion healing,
drunken brawling
a: no special abilities


You were on level 3 of the Dungeon.
You visited 1 branch of the dungeon, and saw 3 of its levels.

You collected 106 gold pieces.

Inventory:

Hand Weapons
 a - a +0 flail (weapon)
 n - a +2 antimagic whip
Missiles
 d - 5 throwing nets (quivered)
 e - a large rock
Armour
 b - a +0 robe (worn)
 c - a +0 hat (worn)
Jewellery
 k - a ring of ice
Scrolls
 f - a scroll of vulnerability {unknown}
 h - 2 scrolls of noise {unknown}
 j - a scroll of identify {unknown}
 l - a scroll of immolation {unknown}
 m - a scroll of butterflies {unknown}
Potions
 g - a potion of berserk rage {unknown}
 i - 3 potions of curing {unknown}


   Skills:
 + Level 3.8 Fighting
 + Level 3.7 Maces & Flails
 + Level 2.9 Throwing
 + Level 3.3 Dodging


You had 3 spell levels left.
You didn't know any spells.
Your spell library contained the following spells:

 Spells                   Type           Power      Damage    Failure   Level
 Magic Dart               Conj           0%         1d3       38%         1
 Searing Ray              Conj           0%         2d4       52%         2
 Static Discharge         Conj/Air       0%         3-3/arc   52%         2
 Airstrike                Air            0%         2d(0-16)  99%         4
 Fulminant Prism          Conj/Alch      0%         3d5       99%         4
 Summon Lightning Spire   Summ/Air       0%         N/A       99%         4


Dungeon Overview and Level Annotations

Branches:
Dungeon (3/15)

Altars:

Annotations:
D:2 1 runed translucent door, Crazy Yiuf
D:3 Ijyb, Robin


Innate Abilities, Weirdness & Mutations

You are too large for most types of armour.
You have a pair of small horns on your head.
You have tough skin. (AC +1)
You gain doubled healing and magic from potions.
Whenever you drink a healing potion, you attack all around you.


Message History

Things that are here:
a +0 whip; a +0 dagger; 2 stones
i - 3 inky potions (gained 1)
A hobgoblin comes into view. It is wielding a +0 morningstar.
The hobgoblin shouts!
You hear a shout! x2
A giant cockroach comes into view.
You hear a shout!
There are monsters nearby! 2 hobgoblins and a goblin come into view.
Found 5 gold pieces.
The goblin shouts!
A hobgoblin comes into view.
The hobgoblin moves out of view.
Ijyb and Robin come into view.
Ijyb is wielding a +0 dagger and carrying a wand of flame.
Found 10 gold pieces.
The hobgoblin shouts!
Ijyb shouts!
Robin shouts!
A hobgoblin comes into view.
A goblin comes into view. It is wielding a +0 club.
The hobgoblin attacks as it pursues you!
The hobgoblin hits you with a +0 morningstar!
The hobgoblin attacks as it pursues you!
The hobgoblin hits you with a +0 morningstar!
The hobgoblin attacks as it pursues you!
The hobgoblin hits you with a +0 morningstar.
The hobgoblin attacks as it pursues you!
The hobgoblin completely misses you.
The hobgoblin attacks as it pursues you!
The hobgoblin hits you with a +0 morningstar.
You see here a +0 halberd.
The hobgoblin attacks as it pursues you!
The hobgoblin hits you with a +0 morningstar.
* * * LOW HITPOINT WARNING * * *
You barely miss the hobgoblin. The hobgoblin closely misses you.
The hobgoblin attacks as it pursues you!
The hobgoblin hits you with a +0 morningstar!
* * * LOW HITPOINT WARNING * * *
Robin throws Ijyb at you!
You die...
Robin calls out, "Let's celebrate!
Time for a feast!"

.$..>..ggg......
####.g.##.##...
#...# .. #...# #..
#...# #$ #gg.####
#B#....###
####g#.##.#.##
#.<@g#.......##
#.#######.....#
#....#.......##
####.#....<..#
#)#.##.#..#
#######...##>#..###
..................#
########..#.##..#.##
###..#.##.....##


You could see Ijyb, Robin, a giant cockroach and 3 hobgoblins.

Vanquished Creatures
  3 gnolls (D:3)
  An adder (D:2)
  A dart slug (D:2)
  An endoplasm (D:2)
  2 giant cockroaches
  A goblin (D:3)
  4 hobgoblins (D:2)
  3 jackals (D:2)
  4 quokkas
  4 ball pythons
  A bat (D:1)
  5 frilled lizards
  4 kobolds
  2 rats
36 creatures vanquished.

Notes
Turn   | Place    | Note
-------+----------+-------------------------------------------
     0 | D:1      | KennySheep the Oni Gladiator began the quest for the Orb.
     0 | D:1      | Reached XP level 1. HP: 22/22 MP: 1/1
   200 | D:1      | Reached XP level 2. HP: 29/29 MP: 2/2
   574 | D:2      | Reached XP level 3. HP: 29/37 MP: 3/3
   861 | D:2      | Reached XP level 4. HP: 44/45 MP: 4/4
   910 | D:2      | Found a runed translucent door.
   911 | D:2      | Noticed Crazy Yiuf
  1332 | D:3      | Noticed Ijyb
  1332 | D:3      | Noticed Robin
  1341 | D:3      | HP: 1/48 [hobgoblin/+0 morningstar (9)]
  1341 | D:3      | Hit by Ijyb thrown by Robin

Illustrated notes

Levels and vault maps discovered:
D:1:      tarquinn_simple_flora_water_f, layout_rooms
D:2:      layout_basic, uniq_crazy_yiuf_cottage
D:3:      layout_loops_cross, hangedman_feature_mirror, nicolae_goblin_pals

Skill      XL: |  1  2 |
---------------+-------+-----
Fighting       | 3 |  3.8
Dodging        | 3 |  3.3
Maces & Flails | |  3.7
Throwing       | |  2.9

Action                     |  1- 3 |  4- 6 || total
---------------------------+-------+-------++-------
  Melee: Flail             |    63 |    33 ||    96
         Headbutt          |    11 |     4 ||    15
 Armour: Robe              |    40 |    30 ||    70
  Dodge: Dodged            |    34 |    24 ||    58

Table legend: (Time is in decaauts)
 A = Elapsed time spent in this place.
 B = Non-inter-level travel time spent in this place.
 C = Inter-level travel time spent in this place.
 D = Time resting spent in this place.
 E = Time spent auto-exploring this place.
 F = Levels seen in this place.
 G = Mean time per level.
                   A        B        C        D        E       F      G
               +--------+--------+--------+--------+--------+-----+--------+
         Total |   1362 |   1326 |     36 |      0 |   1037 |   3 |  454.0 |
       Dungeon |   1362 |   1326 |     36 |      0 |   1037 |   3 |  454.0 |
               +--------+--------+--------+--------+--------+-----+--------+

Top non-repeatable levels by time:
     D:2: 647 daAuts
     D:1: 419 daAuts
     D:3: 295 daAuts
